 Dungeon Crawl Stone Soup version 0.27-a0-29-g2d0a2396b0 (webtiles) character file.

Game seed: 14230383118210572748

13328 HoaS the Grappler (level 11, -2/107 HPs)
             Began as a Troll Gladiator on Jan 3, 2021.
             Was a High Priest of Makhleb.
             Slain by an orc warlord
             ... wielding a +0 long sword
              (22 damage)
             ... on level 1 of the Orcish Mines.
             The game lasted 00:26:18 (9246 turns).

HoaS the Grappler (Troll Gladiator)                 Turns: 9246, Time: 00:26:18

Health: -2/107     AC: 14    Str: 24    XL:     11   Next: 74%
Magic:  10/10      EV: 14    Int:  4    God:    Makhleb [*****.]
Gold:   770        SH:  5    Dex: 14    Spells: 10/10 levels left

rFire    . . .     SeeInvis .     - Unarmed
rCold    + + +     Faith    .   (no shield)
rNeg     . . .     Spirit   .   F - +0 steam dragon scales
rPois    +         Reflect  +   b - +2 hat
rElec    .         Harm     .   A - +2 cloak {Will+}
rCorr    +         Rampage  .   (gloves unavailable)
Will     +....                  (boots unavailable)
Stlth    +.........             h - amulet of reflection
HPRegen  0.67/turn              d - ring "Unol" {rC+++ rCorr}
MPRegen  0.12/turn              s - ring of poison resistance

@: mighty
A: large, unfitting armour, claws 3, regeneration 1, shaggy fur 1, tough skin 3
a: Renounce Religion, Minor Destruction, Lesser Servant of Makhleb, Major
Destruction, Greater Servant of Makhleb


You were on level 1 of the Orcish Mines.
You worshipped Makhleb.
Makhleb was extremely pleased with you.
You visited 3 branches of the dungeon, and saw 13 of its levels.

You collected 882 gold pieces.
You spent 112 gold pieces at shops.

Inventory:

Missiles
 c - a throwing net
 m - 5 poisoned darts (quivered)
 o - 19 boomerangs
 p - 7 atropa-tipped darts
 v - 13 javelins
 D - 4 boomerangs of dispersal
 E - 3 silver boomerangs
Armour
 b - a +2 hat (worn)
 A - a +2 cloak of willpower (worn)
 F - +0 steam dragon scales (worn)
Jewellery
 d - the ring "Unol" (left claw) {rC+++ rCorr}
   (You found it on level 10 of the Dungeon)

   [ring of resist corrosion]

   It renders you almost immune to cold.
   It provides partial protection from all sources of acid and corrosion.
 h - an amulet of reflection (around neck)
 s - a ring of poison resistance (right claw)
Wands
 w - a wand of enslavement (6)
 y - a wand of paralysis (8)
 z - a wand of acid (12)
 B - a wand of iceblast (4)
Scrolls
 a - a scroll of magic mapping
 f - 7 scrolls of remove curse
 r - 4 scrolls of teleportation
 t - a scroll of fog
Potions
 i - a potion of ambrosia
 j - 3 potions of haste
 k - a potion of might
 l - a potion of magic {unknown}
 n - 3 potions of curing
 q - 2 potions of lignification
 u - a potion of attraction {unknown}
 C - a potion of flight {unknown}


   Skills:
 + Level 6.9 Fighting
 - Level 5.0 Throwing
 + Level 2.0 Armour
 + Level 7.1 Dodging
 + Level 14.0 Unarmed Combat


You had 10 spell levels left.
You didn't know any spells.
Your spell library was empty.

Dungeon Overview and Level Annotations

Branches:
Dungeon (10/15)            Temple (1/1) D:6            Lair (0/6) D:10
    Orc (2/2) D:9             Elf (0/3) Orc:2

Altars:
Ashenzari
Cheibriados
Dithmenos
Elyvilon
Fedhas
Gozag
Hepliaklqana
Kikubaaqudgha
Makhleb
Nemelex Xobeh
Okawaru
Qazlal
Ru
Sif Muna
Trog
Uskayaw
Vehumet
Wu Jian
Xom
Yredelemnul
Zin
The Shining One

Shops:
D:8 (}?   Orc:1 :

Annotations:
D:5 1 runed translucent door
D:8 3 runed translucent doors


Innate Abilities, Weirdness & Mutations

You are too large for most types of armour.
You have claws for hands.
Your natural rate of healing is unusually fast.
You are covered in fur. (AC +1)
You have extremely tough skin. (AC +3)


Message History

The orc warlord hits you with a +0 long sword!!
There is a stone staircase leading up, spattered with blood here.
The orc barely misses you.
The orc warlord hits you with a +0 long sword!!
You hear a shout! x2
You climb upwards.
There is a stone staircase leading down here.
You feel very mighty all of a sudden.
The orc no longer looks unusually strong.
The orc misses you.
You mangle the orc warlord!! You claw the orc warlord!!
The orc warlord is heavily wounded.
The orc hits you but does no damage.
The orc warlord hits you with a +0 long sword!!
* * * LOW HITPOINT WARNING * * *
You claw the orc warlord!
The orc warlord is heavily wounded.
The orc completely misses you.
The orc warlord hits you with a +0 long sword!!
You die...

#...# ### #...#
#...####.#####.##
###....##.........#
##.....##...^.....##
.......##..........#
#..#........#.....##
..##........#......##
...##.##...####..o..#
..####....#####.@o.##
....##.....##..[..##
#......##........##
#.....####....[.##
##............)[)##
....#......#...[>.##
...###.....####....##
...####....####.....#
...##.#.......#....##


You could see an orc warlord and an orc.

Vanquished Creatures
  Harold (D:8)
  3 two-headed ogres
  An unseen horror (D:10)
  Joseph (D:8)
  Maurice (D:8)
  The ghost of tilp the Chopper, a novice PaAK of Lugonu (D:5)
  4 molten gargoyles (D:10)
  Maggie (D:10)
  2 trolls
  Sigmund (D:5)
  2 steam dragons
  5 yaks (D:10)
  3 water moccasins (D:9)
  A swamp drake (D:9)
  2 sky beasts
  10 orc warriors
  A black bear (D:8)
  3 phantoms
  5 ogres
  3 centaurs
  3 ice beasts
  3 big kobolds
  6 bullfrogs
  2 wyvern zombies
  3 scorpions
  3 wights (D:10)
  3 killer bees (D:8)
  5 howler monkeys
  2 bullfrog zombies (D:5)
  A lava snake (D:10)
  A quasit (D:10)
  5 hounds
  A gnoll shaman (D:7)
  25 orc wizards
  9 orc priests
  A bullfrog skeleton (D:10)
  2 jellies
  An iguana (D:5)
  8 worker ants
  A killer bee zombie (D:10)
  2 hound zombies
  A worker ant zombie (D:6)
  2 howler monkey skeletons (D:5)
  3 gnolls (D:7)
  16 adders
  2 shadow imps
  2 white imps (D:5)
  3 ufetubi
  An adder zombie (D:5)
  3 adder skeletons
  A worm (D:3)
  A dart slug (D:3)
  8 leopard geckos
  63 orcs
  11 bats
  3 giant cockroaches
  9 goblins
  8 hobgoblins
  8 jackals
  7 quokkas
  9 ball pythons
  5 frilled lizards
  10 kobolds
  A quokka zombie (D:6)
  11 rats
326 creatures vanquished.

Vanquished Creatures (others)
  A wizard (D:9)
  2 fungi (D:5)
  2 plants (D:5)
5 creatures vanquished.

Grand Total: 331 creatures vanquished

Notes
Turn   | Place    | Note
-------+----------+-------------------------------------------
     0 | D:1      | HoaS the Troll Gladiator began the quest for the Orb.
     0 | D:1      | Reached XP level 1. HP: 19/19 MP: 0/0
   112 | D:1      | Reached XP level 2. HP: 27/27 MP: 1/1
   269 | D:1      | Reached skill level 4 in Unarmed Combat
   561 | D:2      | Reached XP level 3. HP: 33/33 MP: 2/2
   765 | D:2      | Reached XP level 4. HP: 30/41 MP: 3/3
   811 | D:2      | Reached skill level 5 in Unarmed Combat
   849 | D:2      | Found an iron altar of Okawaru.
   902 | D:2      | Found a blossoming altar of Fedhas.
   968 | D:2      | Found a glowing silver altar of Zin.
  1174 | D:3      | Found a stormy altar of Qazlal.
  1176 | D:3      | Noticed a water elemental
  1177 | D:3      | Noticed an earth elemental
  1177 | D:3      | Noticed an air elemental
  1177 | D:3      | Noticed a fire elemental
  1222 | D:3      | Reached XP level 5. HP: 48/48 MP: 4/4
  1429 | D:3      | Reached skill level 6 in Unarmed Combat
  1510 | D:3      | Reached XP level 6. HP: 54/55 MP: 5/5
  1855 | D:4      | Reached skill level 7 in Unarmed Combat
  2061 | D:4      | You fall into a shaft and drop 3 floors!
  2158 | D:7      | Reached skill level 8 in Unarmed Combat
  2162 | D:7      | Reached XP level 7. HP: 60/62 MP: 6/6
  2406 | D:6      | Found a staircase to the Ecumenical Temple.
  2410 | D:6      | Reached skill level 9 in Unarmed Combat
  2421 | Temple   | Entered the Ecumenical Temple
  2583 | Temple   | Became a worshipper of Makhleb the Destroyer
  2630 | D:5      | Entered Level 5 of the Dungeon
  2760 | D:5      | Noticed Sigmund
  2791 | D:5      | Killed Sigmund
  2792 | D:5      | Reached XP level 8. HP: 14/70 MP: 7/7
  2873 | D:5      | Reached skill level 10 in Unarmed Combat
  3688 | D:5      | Found a runed translucent gate.
  3688 | D:5      | Found a runed translucent gate.
  3688 | D:5      | Found a runed translucent gate.
  3688 | D:5      | Noticed tilp's ghost (novice PaAK)
  3689 | D:5      | Identified the +8 short sword of Gehenna {drain, +Rage}
  3913 | D:5      | Found a white marble altar of Elyvilon.
  3913 | D:5      | Noticed an angel
  3914 | D:5      | Reached * piety under Makhleb
  3915 | D:5      | Found a runed translucent door.
  4087 | D:5      | Found a shimmering blue altar of Sif Muna.
  4147 | D:5      | Paralysed by a big kobold for 3 turns
  4156 | D:5      | Reached skill level 11 in Unarmed Combat
  4179 | D:5      | Killed tilp's ghost
  4321 | D:6      | Reached XP level 9. HP: 73/76 MP: 8/8
  4361 | D:6      | Reached skill level 12 in Unarmed Combat
  5237 | D:8      | Noticed Harold
  5247 | D:8      | HP: 3/79 [centaur/arrow (13)]
  5247 | D:8      | HP: 1/79 [Harold/harpoon shot (2)]
  5381 | D:8      | Noticed Maurice
  5390 | D:8      | Killed Maurice
  5472 | D:8      | Reached ** piety under Makhleb
  5520 | D:8      | Noticed Joseph
  5531 | D:8      | Killed Joseph
  5628 | D:8      | Killed Harold
  5629 | D:8      | Reached XP level 10. HP: 53/92 MP: 9/9
  5762 | D:8      | Found Deunoeb's Magic Scroll Boutique.
  5768 | D:8      | Bought a scroll of enchant armour for 112 gold pieces
  5831 | D:8      | Found Caleasuf's Gadget Boutique.
  5894 | D:8      | Found Pebufiorom's Weapon Boutique.
  6255 | D:8      | Noticed a two-headed ogre
  6269 | D:8      | Killed a two-headed ogre
  6270 | D:8      | Reached skill level 5 in Throwing
  6280 | D:8      | Reached skill level 5 in Dodging
  6413 | D:8      | Found a runed translucent gate.
  6414 | D:8      | Found a runed translucent gate.
  6414 | D:8      | Found a runed translucent gate.
  6419 | D:8      | Noticed a brown ugly thing
  6422 | D:8      | Noticed a purple ugly thing
  6560 | D:9      | Noticed a two-headed ogre
  6572 | D:9      | Killed a two-headed ogre
  6573 | D:9      | Reached skill level 5 in Fighting
  6573 | D:9      | Reached skill level 13 in Unarmed Combat
  6708 | D:9      | Found a glowing golden altar of the Shining One.
  6725 | D:9      | Reached *** piety under Makhleb
  6915 | D:9      | Noticed a two-headed ogre
  6926 | D:9      | Killed a two-headed ogre
  7047 | D:9      | Found a bloodstained altar of Trog.
  7048 | D:9      | Noticed a wizard
  7055 | D:9      | Killed a wizard
  7112 | D:9      | Reached XP level 11. HP: 104/104 MP: 10/10
  7172 | D:9      | Found a staircase to the Orcish Mines.
  7441 | D:10     | Entered Level 10 of the Dungeon
  7444 | D:10     | Found a staircase to the Lair.
  7659 | D:10     | Reached **** piety under Makhleb
  7714 | D:10     | Killed an unseen horror
  7736 | D:10     | Got a twitching steel ring
  7943 | D:10     | Noticed Maggie
  7953 | D:10     | Killed Maggie
  8240 | D:10     | Reached skill level 1 in Armour
  8351 | D:10     | Identified the ring "Unol" {rC+++ rCorr} (You found it on
                  | level 10 of the Dungeon)
  8440 | Orc:1    | Entered Level 1 of the Orcish Mines
  8560 | Orc:1    | Found Fonaet's Book Shoppe.
  8852 | Orc:1    | Reached ***** piety under Makhleb
  9202 | Orc:2    | Entered Level 2 of the Orcish Mines
  9207 | Orc:2    | Reached skill level 14 in Unarmed Combat
  9223 | Orc:2    | Noticed an orc warlord
  9246 | Orc:1    | Slain by an orc warlord

Illustrated notes

Levels and vault maps discovered:
D:1:      dpeg_arrival_rooms_b, layout_rooms
D:2:      layout_rooms, overflow_temple_1_default, lemuel_round_altar,
          zin_academy, minmay_snake_closets
D:3:      layout_loops_ring, nicolae_qazlal_style_of_elements
D:4:      layout_basic, serial_bayou_crossing
D:5:      layout_rooms, lemuel_blue_sif_altar, serial_glass, glass_columns_a,
          glass_columns_b, glass_columns_a, glass_columns_a,
          gammafunk_ghost_nasty_kobolds, lemuel_angel_altar, uniq_sigmund
D:6:      layout_basic, minmay_temple_entry_stoned_glass
D:7:      layout_loops_ring
D:8:      layout_loops_cross, serial_shops, shop_statue,
          nicolae_shop_competitors_out_of_business, nicolae_shop_stone,
          ploomutoo_gammafunk_ghost_potion_laboratory, grunt_ministairs_8,
          uniq_maurice, uniq_harold, uniq_joseph
D:9:      layout_irregular_city, overflow_temple_1_default, erik_orc_1,
          chequers_arboretum, trog_wizard
D:10:     layout_irregular_city, lair_entry_dummy, minmay_misc_feat_enclosed,
          minivault_8, uniq_maggie
Temple:   eino_temple_rhombus
Orc:1:    layout_diamond_mine, serial_shops, nicolae_shop_waterfront,
          mines_bat_river
Orc:2:    grunt_orc_community_town_hall, layout_caves,
          grunt_orc_community_big_house_1, grunt_orc_community_big_house_2,
          grunt_orc_community_house_1, grunt_orc_community_house_1,
          grunt_orc_community_house_1, grunt_orc_community_house_1,
          gauntlet_entry_generic, serial_shops, shop, nicolae_shop_statue_plus,
          okawaru_metal_pillars_1_2

Skill      XL: |  1  2  3  4  5  6  7  8  9 10 11 |
---------------+----------------------------------+-----
Unarmed Combat | 4 5 6 8 9 11 12 13 14 | 14.0
Throwing       | 4 5 |  5.0
Fighting       | 3 5 6 |  6.9
Dodging        | 4 5 7 |  7.1
Armour         | 2 |  2.0

Action                   |  1- 3 |  4- 6 |  7- 9 | 10-12 || total
-------------------------+-------+-------+-------+-------++-------
Melee: Unarmed           |   111 |   155 |   234 |   375 ||   875
       Punch             |       |     3 |    10 |    17 ||    30
Throw: Throwing net      |       |       |     1 |     5 ||     6
       Dart              |       |       |       |     2 ||     2
Evoke: Wand              |       |       |     3 |     4 ||     7
  Use: Scroll            |     4 |     7 |    12 |     7 ||    30
       Potion            |       |       |       |     4 ||     4
 Stab: Sleeping          |     1 |     1 |     1 |       ||     3
       Paralysed         |       |       |       |     3 ||     3
       Confused          |       |       |       |     1 ||     1
Armor: Robe              |    55 |    41 |    42 |    50 ||   188
       Steam dragon scal |       |       |       |    54 ||    54
Dodge: Dodged            |    65 |    58 |    79 |   194 ||   396
Block: Other             |       |    32 |    42 |    66 ||   140
       Reflection        |       |     1 |     3 |     3 ||     7

Table legend: (Time is in decaauts)
 A = Elapsed time spent in this place.
 B = Non-inter-level travel time spent in this place.
 C = Inter-level travel time spent in this place.
 D = Time resting spent in this place.
 E = Time spent auto-exploring this place.
 F = Levels seen in this place.
 G = Mean time per level.
                   A        B        C        D        E       F      G
               +--------+--------+--------+--------+--------+-----+--------+
         Total |   9090 |   8557 |    533 |    901 |   5692 |  13 |  699.2 |
       Dungeon |   8222 |   7768 |    454 |    798 |   5168 |  10 |  822.2 |
        Temple |    179 |    133 |     46 |      0 |    131 |   1 |  179.0 |
  Orcish Mines |    688 |    655 |     33 |    103 |    392 |   2 |  344.0 |
               +--------+--------+--------+--------+--------+-----+--------+

Top non-repeatable levels by time:
     D:9: 1081 daAuts
     D:8: 1034 daAuts
     D:4: 955 daAuts
    D:10: 939 daAuts
     D:7: 893 daAuts
     D:5: 858 daAuts
     D:6: 658 daAuts
     D:3: 658 daAuts
   Orc:1: 654 daAuts
     D:2: 606 daAuts
     D:1: 535 daAuts
  Temple: 179 daAuts
   Orc:2: 33 daAuts
